[ PARTIDA AOE2 · #468223331 ]
UnrankedFrancos vs Wei
[ ANÁLISIS DE REPETICIÓN · EXTRAÍDO DE LA PARTIDA GRABADA ]
Feudal
10:26
Castillos
19:38
Imperial
37:05
| APM promedio | 21.8 |
| APM pico | 103 |
| eAPM promedio | 20.4 |
| Aldeanos / militares | 177 / 513 |
Foco
⚔️ 58.1% · 🌾 41.9%
Knight ×326 · Spearman ×151 · Trade Cart ×39 · Trebuchet (Packed) ×20 · Throwing Axeman ×14 · Monk ×2
Feudal
12:32
Castillos
18:50
Imperial
34:32
| APM promedio | 18.7 |
| APM pico | 97 |
| eAPM promedio | 16.9 |
| Aldeanos / militares | 111 / 407 |
Foco
⚔️ 47.5% · 🌾 52.5%
Throwing Axeman ×227 · Knight ×167 · Trade Cart ×46 · Trebuchet (Packed) ×11 · Fishing Ship ×10 · Bombard Cannon ×2
Feudal
15:04
Castillos
21:54
Imperial
36:59
| APM promedio | 21.9 |
| APM pico | 55 |
| eAPM promedio | 14.2 |
| Aldeanos / militares | 177 / 125 |
Foco
⚔️ 37.9% · 🌾 62.1%
Unknown (1949) ×144 · Spearman ×116 · Unknown (1952) ×73 · Trade Cart ×14 · Unknown (1942) ×14 · Archer ×6
Feudal
12:55
Castillos
18:45
Imperial
29:53
| APM promedio | 25.7 |
| APM pico | 83 |
| eAPM promedio | 16.1 |
| Aldeanos / militares | 115 / 248 |
Foco
⚔️ 39.8% · 🌾 60.2%
Spearman ×89 · Knight ×59 · Militia ×37 · Leitis ×30 · Mangonel ×13 · Trebuchet (Packed) ×8
Feudal
13:35
Castillos
17:32
Imperial
35:59
| APM promedio | 13.1 |
| APM pico | 34 |
| eAPM promedio | 11.3 |
| Aldeanos / militares | 119 / 667 |
Foco
⚔️ 47.0% · 🌾 53.0%
Spearman ×389 · Knight ×273 · Trade Cart ×25 · Trebuchet (Packed) ×4 · Monk ×1
Feudal
15:15
Castillos
21:16
Imperial
37:24
| APM promedio | 13.1 |
| APM pico | 40 |
| eAPM promedio | 11.9 |
| Aldeanos / militares | 135 / 349 |
Foco
⚔️ 31.6% · 🌾 68.4%
Spearman ×191 · Steppe Lancer ×110 · Unknown (1911) ×99 · Skirmisher ×27 · Fishing Ship ×19 · Unknown (1908) ×15
Mapa de la partida
Recursos iniciales + cada clic de construcción. Líneas = muros · curvas = relieve. ◆ oro · ⬟ piedra · ● bayas · ✦ reliquia · ◌ hueco del cierre
Tu base· Abierta — el rival se encerró
Base de m0fo· Abierta — el rival se encerró
Base de ahbiszett· ✓ Cerrada en 21:54 · 2t muro · sin puerta
Base de starekchess· Abierta — el rival se encerró
Base de morilla· ✓ Cerrada en 17:32 · 17t muro · sin puerta
Base de IT-babka· ✓ Cerrada en 21:16 · 0t muro · sin puerta
Terreno inicial suavizado · ◌ = hueco del cierre detectado · pasá el cursor para detalles
Inputs por minuto
— XxjesulizxX - - m0fo
Build order — XxjesulizxX
Primeras 150 de 895 acciones detectadas
| 0:03 | Investigar | Loom |
| 0:08 | Construir | House |
| 0:20 | Crear | Villager (Male) |
| 0:20 | Crear | Villager (Male) |
| 0:20 | Crear | Villager (Male) |
| 0:48 | Crear | Villager (Male) |
| 0:48 | Crear | Villager (Male) |
| 0:51 | Construir | House |
| 0:53 | Construir | House |
| 1:59 | Crear | Villager (Male) |
| 2:29 | Crear | Villager (Male) |
| 2:49 | Crear | Villager (Male) |
| 3:28 | Crear | Villager (Male) |
| 3:28 | Crear | Villager (Male) |
| 3:44 | Construir | Mill |
| 3:50 | Crear | Villager (Male) |
| 4:24 | Construir | Lumber Camp |
| 4:27 | Crear | Villager (Male) |
| 4:27 | Crear | Villager (Male) |
| 4:27 | Crear | Villager (Male) |
| 4:28 | Crear | Villager (Male) |
| 4:49 | Crear | Villager (Male) |
| 4:49 | Crear | Villager (Male) |
| 5:46 | Crear | Villager (Male) |
| 5:46 | Crear | Villager (Male) |
| 5:47 | Crear | Villager (Male) |
| 5:47 | Crear | Villager (Male) |
| 5:47 | Crear | Villager (Male) |
| 6:29 | Construir | House |
| 6:42 | Crear | Villager (Male) |
| 7:17 | Crear | Villager (Male) |
| 7:17 | Crear | Villager (Male) |
| 7:17 | Crear | Villager (Male) |
| 7:17 | Crear | Villager (Male) |
| 8:13 | Investigar | Feudal Age |
| 10:26 | Edad | Edad Feudal |
| 10:26 | Construir | House |
| 10:29 | Construir | House |
| 10:31 | Investigar | Wheelbarrow |
| 10:35 | Investigar | Double-Bit Axe |
| 10:54 | Construir | Mining Camp |
| 11:01 | Crear | Villager (Male) |
| 11:01 | Crear | Villager (Male) |
| 11:02 | Crear | Villager (Male) |
| 11:02 | Crear | Villager (Male) |
| 11:02 | Crear | Villager (Male) |
| 11:02 | Crear | Villager (Male) |
| 11:03 | Crear | Villager (Male) |
| 11:03 | Crear | Villager (Male) |
| 11:03 | Crear | Villager (Male) |
| 11:03 | Crear | Villager (Male) |
| 11:59 | Investigar | Gold Mining |
| 13:17 | Construir | Farm |
| 13:21 | Construir | Farm |
| 13:24 | Construir | Farm |
| 13:27 | Construir | Farm |
| 13:34 | Construir | Farm |
| 13:37 | Construir | Farm |
| 13:41 | Construir | Farm |
| 13:45 | Construir | Farm |
| 13:52 | Construir | Farm |
| 14:13 | Construir | Farm |
| 14:22 | Construir | Farm |
| 14:35 | Crear | Villager (Male) |
| 14:36 | Crear | Villager (Male) |
| 15:04 | Construir | Blacksmith |
| 15:46 | Construir | Market |
| 15:51 | Crear | Villager (Male) |
| 16:01 | Construir | House |
| 16:03 | Construir | House |
| 16:06 | Construir | House |
| 16:07 | Construir | House |
| 16:09 | Construir | House |
| 16:17 | Construir | Farm |
| 16:27 | Investigar | Town Watch |
| 16:58 | Investigar | Castle Age |
| 17:07 | Construir | Farm |
| 17:18 | Construir | Farm |
| 17:25 | Construir | Farm |
| 17:33 | Construir | Farm |
| 19:13 | Crear | Villager (Male) |
| 19:14 | Crear | Villager (Male) |
| 19:38 | Edad | Edad de los Castillos |
| 19:49 | Construir | Town Center |
| 19:56 | Construir | Town Center |
| 20:04 | Construir | Town Center |
| 20:12 | Crear | Villager (Male) |
| 20:12 | Crear | Villager (Male) |
| 20:12 | Crear | Villager (Male) |
| 20:38 | Construir | Town Center |
| 20:47 | Crear | Villager (Male) |
| 20:47 | Crear | Villager (Male) |
| 20:51 | Investigar | Stone Mining |
| 21:04 | Investigar | Bow Saw |
| 21:20 | Crear | Villager (Male) |
| 21:20 | Crear | Villager (Male) |
| 21:20 | Crear | Villager (Male) |
| 21:21 | Crear | Villager (Male) |
| 21:46 | Investigar | Gold Shaft Mining |
| 22:15 | Construir | Farm |
| 22:19 | Construir | Farm |
| 22:27 | Construir | Farm |
| 22:32 | Construir | Farm |
| 22:40 | Investigar | Hand Cart |
| 22:40 | Crear | Villager (Male) |
| 22:41 | Crear | Villager (Male) |
| 22:41 | Crear | Villager (Male) |
| 22:41 | Crear | Villager (Male) |
| 22:42 | Crear | Villager (Male) |
| 22:42 | Crear | Villager (Male) |
| 22:42 | Crear | Villager (Male) |
| 22:54 | Crear | Villager (Male) |
| 22:54 | Crear | Villager (Male) |
| 22:54 | Crear | Villager (Male) |
| 23:04 | Construir | Farm |
| 23:08 | Construir | Farm |
| 23:14 | Construir | Farm |
| 23:19 | Construir | Farm |
| 23:26 | Construir | Farm |
| 23:32 | Crear | Villager (Male) |
| 23:32 | Crear | Villager (Male) |
| 23:32 | Crear | Villager (Male) |
| 23:32 | Crear | Villager (Male) |
| 23:38 | Construir | Farm |
| 23:42 | Construir | Farm |
| 23:51 | Crear | Villager (Male) |
| 23:51 | Crear | Villager (Male) |
| 23:51 | Crear | Villager (Male) |
| 24:05 | Construir | Farm |
| 24:07 | Crear | Villager (Male) |
| 24:07 | Crear | Villager (Male) |
| 24:07 | Crear | Villager (Male) |
| 24:08 | Crear | Villager (Male) |
| 24:19 | Construir | Farm |
| 24:26 | Construir | Farm |
| 24:31 | Construir | Farm |
| 24:43 | Construir | Farm |
| 24:52 | Construir | Farm |
| 24:58 | Crear | Villager (Male) |
| 24:58 | Crear | Villager (Male) |
| 24:58 | Crear | Villager (Male) |
| 24:59 | Crear | Villager (Male) |
| 24:59 | Crear | Villager (Male) |
| 24:59 | Crear | Villager (Male) |
| 24:59 | Crear | Villager (Male) |
| 25:00 | Crear | Villager (Male) |
| 25:00 | Crear | Villager (Male) |
| 25:00 | Crear | Villager (Male) |
| 25:05 | Crear | Villager (Male) |
| 25:05 | Crear | Villager (Male) |
Build order — m0fo
Primeras 150 de 721 acciones detectadas
| 0:03 | Crear | Villager (Male) |
| 0:03 | Crear | Villager (Male) |
| 0:03 | Crear | Villager (Male) |
| 0:03 | Crear | Villager (Male) |
| 0:09 | Investigar | Loom |
| 0:09 | Crear | Villager (Male) |
| 0:09 | Crear | Villager (Male) |
| 0:09 | Crear | Villager (Male) |
| 0:10 | Crear | Villager (Male) |
| 0:13 | Construir | House |
| 0:17 | Construir | House |
| 1:01 | Construir | Palisade Wall |
| 1:37 | Construir | Palisade Wall |
| 2:03 | Crear | Villager (Male) |
| 2:49 | Crear | Villager (Male) |
| 2:49 | Crear | Villager (Male) |
| 3:12 | Crear | Villager (Male) |
| 3:43 | Crear | Villager (Male) |
| 3:43 | Crear | Villager (Male) |
| 4:22 | Crear | Villager (Male) |
| 4:39 | Construir | Lumber Camp |
| 5:01 | Crear | Villager (Male) |
| 5:01 | Crear | Villager (Male) |
| 5:28 | Construir | House |
| 5:42 | Crear | Villager (Male) |
| 5:42 | Crear | Villager (Male) |
| 5:42 | Crear | Villager (Male) |
| 6:15 | Construir | House |
| 6:16 | Construir | House |
| 6:52 | Construir | House |
| 6:53 | Construir | House |
| 6:54 | Construir | House |
| 7:10 | Crear | Villager (Male) |
| 7:10 | Crear | Villager (Male) |
| 7:11 | Crear | Villager (Male) |
| 8:36 | Construir | Mining Camp |
| 8:44 | Crear | Villager (Male) |
| 10:01 | Construir | Mill |
| 10:13 | Construir | Mill |
| 10:22 | Investigar | Feudal Age |
| 10:23 | Crear | Villager (Male) |
| 12:32 | Edad | Edad Feudal |
| 12:39 | Crear | Villager (Male) |
| 12:39 | Crear | Villager (Male) |
| 12:57 | Construir | Blacksmith |
| 13:08 | Construir | Market |
| 13:32 | Construir | Mining Camp |
| 13:59 | Construir | Dock |
| 16:10 | Investigar | Castle Age |
| 16:36 | Crear | Fishing Ship |
| 16:36 | Crear | Fishing Ship |
| 16:54 | Investigar | Double-Bit Axe |
| 17:22 | Construir | Farm |
| 17:23 | Construir | Farm |
| 17:23 | Construir | Farm |
| 17:24 | Construir | Farm |
| 17:24 | Construir | Farm |
| 17:25 | Construir | Farm |
| 17:49 | Construir | Stone Wall |
| 18:36 | Crear | Trade Cart |
| 18:36 | Crear | Trade Cart |
| 18:50 | Edad | Edad de los Castillos |
| 19:07 | Construir | Town Center |
| 19:16 | Crear | Villager (Male) |
| 19:16 | Crear | Villager (Male) |
| 19:16 | Crear | Villager (Male) |
| 19:16 | Crear | Villager (Male) |
| 19:41 | Investigar | Stone Mining |
| 20:07 | Crear | Villager (Male) |
| 20:08 | Crear | Villager (Male) |
| 20:08 | Crear | Villager (Male) |
| 20:34 | Crear | Villager (Male) |
| 20:34 | Crear | Villager (Male) |
| 20:34 | Crear | Villager (Male) |
| 20:46 | Investigar | Bow Saw |
| 20:59 | Construir | Outpost |
| 21:12 | Construir | Farm |
| 21:13 | Construir | Farm |
| 21:16 | Crear | Villager (Male) |
| 21:16 | Crear | Villager (Male) |
| 21:32 | Construir | Farm |
| 21:35 | Investigar | Gold Mining |
| 22:01 | Crear | Villager (Male) |
| 22:01 | Crear | Villager (Male) |
| 22:20 | Crear | Fishing Ship |
| 22:20 | Crear | Fishing Ship |
| 22:35 | Crear | Trade Cart |
| 22:35 | Crear | Trade Cart |
| 22:43 | Crear | Villager (Male) |
| 22:43 | Crear | Villager (Male) |
| 22:43 | Crear | Villager (Male) |
| 22:43 | Crear | Villager (Male) |
| 22:53 | Construir | Farm |
| 22:58 | Construir | Farm |
| 23:04 | Crear | Villager (Male) |
| 23:04 | Crear | Villager (Male) |
| 23:10 | Crear | Fishing Ship |
| 23:14 | Crear | Villager (Male) |
| 23:14 | Crear | Villager (Male) |
| 23:23 | Construir | Farm |
| 23:32 | Construir | House |
| 23:33 | Construir | House |
| 23:34 | Construir | House |
| 23:36 | Construir | House |
| 23:37 | Construir | House |
| 23:38 | Construir | House |
| 23:40 | Construir | House |
| 23:41 | Construir | House |
| 23:52 | Investigar | Scale Barding Armor |
| 24:15 | Investigar | Wheelbarrow |
| 24:53 | Crear | Villager (Male) |
| 24:53 | Crear | Villager (Male) |
| 24:53 | Crear | Villager (Male) |
| 24:53 | Crear | Villager (Male) |
| 24:54 | Crear | Villager (Male) |
| 25:17 | Construir | Farm |
| 25:18 | Construir | Farm |
| 25:18 | Construir | Farm |
| 25:19 | Construir | Farm |
| 25:19 | Construir | Farm |
| 25:20 | Construir | Farm |
| 25:50 | Investigar | Hand Cart |
| 25:57 | Crear | Villager (Male) |
| 25:57 | Crear | Villager (Male) |
| 26:06 | Construir | Farm |
| 26:07 | Construir | Farm |
| 26:15 | Construir | Farm |
| 26:16 | Construir | Farm |
| 26:16 | Construir | Farm |
| 26:29 | Construir | Town Center |
| 26:33 | Investigar | Gold Shaft Mining |
| 26:56 | Investigar | Caravan |
| 26:59 | Crear | Trade Cart |
| 26:59 | Crear | Trade Cart |
| 27:04 | Crear | Villager (Male) |
| 27:04 | Crear | Villager (Male) |
| 27:27 | Construir | Castle |
| 27:37 | Crear | Villager (Male) |
| 27:37 | Crear | Villager (Male) |
| 27:38 | Crear | Villager (Male) |
| 27:38 | Crear | Villager (Male) |
| 27:57 | Crear | Villager (Male) |
| 27:58 | Crear | Villager (Male) |
| 27:58 | Crear | Villager (Male) |
| 27:58 | Crear | Villager (Male) |
| 27:58 | Crear | Villager (Male) |
| 27:59 | Crear | Villager (Male) |
| 27:59 | Crear | Villager (Male) |
| 28:11 | Construir | Barracks |
| 28:18 | Construir | Fish Trap |
Build order — ahbiszett
Primeras 150 de 432 acciones detectadas
| 0:00 | Crear | Villager (Male) |
| 0:01 | Crear | Villager (Male) |
| 0:01 | Crear | Villager (Male) |
| 0:01 | Crear | Villager (Male) |
| 0:03 | Construir | House |
| 0:05 | Construir | House |
| 0:53 | Investigar | Loom |
| 0:53 | Crear | Villager (Male) |
| 1:03 | Construir | House |
| 1:10 | Construir | Palisade Wall |
| 1:37 | Construir | House |
| 1:43 | Construir | House |
| 2:13 | Crear | Villager (Male) |
| 2:42 | Crear | Villager (Male) |
| 2:42 | Crear | Villager (Male) |
| 3:01 | Construir | House |
| 3:05 | Construir | House |
| 3:09 | Construir | Palisade Wall |
| 3:33 | Crear | Villager (Male) |
| 3:52 | Crear | Villager (Male) |
| 3:52 | Crear | Villager (Male) |
| 4:36 | Crear | Villager (Male) |
| 6:30 | Crear | Villager (Male) |
| 6:32 | Crear | Villager (Male) |
| 6:32 | Crear | Villager (Male) |
| 7:06 | Construir | Lumber Camp |
| 7:07 | Crear | Villager (Male) |
| 7:48 | Crear | Villager (Male) |
| 7:49 | Crear | Villager (Male) |
| 8:20 | Crear | Villager (Male) |
| 8:28 | Crear | Villager (Male) |
| 8:44 | Construir | House |
| 9:05 | Crear | Villager (Male) |
| 9:05 | Crear | Villager (Male) |
| 9:50 | Crear | Villager (Male) |
| 9:51 | Crear | Villager (Male) |
| 9:57 | Construir | House |
| 9:59 | Construir | House |
| 10:28 | Crear | Villager (Male) |
| 10:28 | Crear | Villager (Male) |
| 10:28 | Crear | Villager (Male) |
| 10:41 | Construir | Mill |
| 11:13 | Construir | House |
| 11:14 | Construir | House |
| 11:54 | Construir | Mill |
| 12:02 | Crear | Villager (Male) |
| 12:03 | Crear | Villager (Male) |
| 12:23 | Crear | Villager (Male) |
| 12:54 | Investigar | Feudal Age |
| 13:38 | Crear | Villager (Male) |
| 14:12 | Construir | Farm |
| 14:17 | Construir | Farm |
| 14:27 | Construir | Mining Camp |
| 15:04 | Edad | Edad Feudal |
| 15:04 | Crear | Villager (Male) |
| 15:04 | Crear | Villager (Male) |
| 15:10 | Investigar | Town Watch |
| 15:12 | Investigar | Horse Collar |
| 15:14 | Investigar | Double-Bit Axe |
| 15:32 | Construir | Farm |
| 15:35 | Investigar | Gold Mining |
| 15:36 | Investigar | Stone Mining |
| 15:51 | Construir | Farm |
| 15:57 | Construir | Farm |
| 16:04 | Construir | Farm |
| 16:15 | Investigar | Wheelbarrow |
| 16:18 | Crear | Villager (Male) |
| 16:22 | Investigar | Town Watch |
| 16:27 | Construir | Farm |
| 16:32 | Construir | Farm |
| 16:40 | Construir | Farm |
| 16:41 | Construir | Farm |
| 16:57 | Construir | Farm |
| 17:16 | Construir | Farm |
| 17:20 | Crear | Villager (Male) |
| 17:57 | Construir | Market |
| 18:07 | Crear | Villager (Male) |
| 18:11 | Crear | Villager (Male) |
| 18:31 | Construir | Blacksmith |
| 19:11 | Investigar | Castle Age |
| 19:24 | Construir | Mining Camp |
| 19:40 | Crear | Villager (Male) ×3 |
| 20:11 | Construir | Farm |
| 20:12 | Construir | Farm |
| 20:14 | Construir | Farm |
| 20:15 | Construir | Farm |
| 21:54 | Edad | Edad de los Castillos |
| 21:59 | Construir | Town Center |
| 22:10 | Construir | Town Center |
| 22:49 | Investigar | Hand Cart |
| 22:52 | Investigar | Bow Saw |
| 23:02 | Crear | Villager (Male) ×5 |
| 23:20 | Investigar | Stone Shaft Mining |
| 23:44 | Crear | Villager (Male) |
| 23:44 | Crear | Villager (Male) |
| 24:05 | Crear | Villager (Male) |
| 24:05 | Crear | Villager (Male) |
| 24:05 | Crear | Villager (Male) |
| 24:23 | Crear | Villager (Male) ×5 |
| 24:34 | Construir | Town Center |
| 24:38 | Crear | Villager (Male) ×5 |
| 24:39 | Crear | Villager (Male) |
| 24:51 | Construir | Farm |
| 24:52 | Construir | Farm |
| 24:54 | Construir | Farm |
| 24:57 | Construir | Farm |
| 25:08 | Construir | Farm |
| 25:10 | Construir | Farm |
| 25:17 | Construir | Farm |
| 25:19 | Crear | Villager (Male) ×3 |
| 25:19 | Crear | Villager (Male) |
| 25:46 | Crear | Villager (Male) ×2 |
| 25:58 | Investigar | Heavy Plow |
| 26:02 | Investigar | Gold Shaft Mining |
| 26:06 | Construir | Farm |
| 26:07 | Construir | Farm |
| 26:09 | Construir | Farm |
| 26:11 | Construir | Farm |
| 26:27 | Construir | Castle |
| 26:48 | Investigar | Scale Barding Armor |
| 26:48 | Investigar | Forging |
| 27:00 | Crear | Villager (Male) |
| 27:14 | Construir | Lumber Camp |
| 27:20 | Crear | Villager (Male) ×3 |
| 27:33 | Construir | Stone Wall |
| 27:40 | Construir | Gate |
| 28:22 | Crear | Unit 1949 ×5 |
| 28:29 | Construir | House |
| 28:31 | Construir | House |
| 28:31 | Construir | House |
| 28:32 | Construir | House |
| 28:36 | Construir | House |
| 28:36 | Construir | House |
| 28:37 | Construir | House |
| 28:38 | Construir | House |
| 28:53 | Crear | Villager (Male) ×4 |
| 29:02 | Construir | Farm |
| 29:07 | Construir | Farm |
| 29:08 | Construir | Farm |
| 29:11 | Construir | Farm |
| 29:13 | Construir | Farm |
| 29:18 | Construir | Farm |
| 29:19 | Construir | Farm |
| 29:19 | Construir | Farm |
| 29:19 | Construir | Farm |
| 29:19 | Construir | Farm |
| 29:25 | Crear | Villager (Male) ×5 |
| 29:26 | Crear | Villager (Male) ×5 |
| 29:32 | Construir | Farm |
| 29:32 | Construir | Farm |
Build order — starekchess
Primeras 150 de 528 acciones detectadas
| 0:01 | Crear | Villager (Male) |
| 0:01 | Crear | Villager (Male) |
| 0:02 | Crear | Villager (Male) |
| 0:02 | Construir | House |
| 0:04 | Construir | House |
| 0:25 | Crear | Villager (Male) |
| 0:25 | Crear | Villager (Male) |
| 0:42 | Investigar | Loom |
| 0:44 | Crear | Villager (Male) |
| 0:44 | Crear | Villager (Male) |
| 0:44 | Crear | Villager (Male) |
| 0:45 | Crear | Villager (Male) |
| 1:41 | Construir | Palisade Wall |
| 2:25 | Crear | Villager (Male) |
| 2:25 | Crear | Villager (Male) |
| 3:42 | Construir | Lumber Camp |
| 3:45 | Crear | Villager (Male) |
| 3:45 | Crear | Villager (Male) |
| 4:08 | Construir | Palisade Wall |
| 5:20 | Crear | Villager (Male) |
| 5:21 | Crear | Villager (Male) |
| 5:41 | Crear | Villager (Male) |
| 6:00 | Construir | House |
| 6:28 | Crear | Villager (Male) |
| 6:35 | Construir | House |
| 6:58 | Crear | Villager (Male) |
| 7:37 | Crear | Villager (Male) |
| 7:37 | Crear | Villager (Male) |
| 8:09 | Construir | Mill |
| 8:21 | Construir | Mill |
| 8:31 | Crear | Villager (Male) |
| 8:32 | Crear | Villager (Male) |
| 9:12 | Crear | Villager (Male) |
| 9:33 | Crear | Villager (Male) |
| 10:22 | Construir | Barracks |
| 10:45 | Investigar | Feudal Age |
| 11:21 | Construir | House |
| 11:35 | Construir | Mining Camp |
| 12:00 | Construir | House |
| 12:25 | Construir | Mill |
| 12:44 | Crear | Villager (Male) |
| 12:44 | Crear | Villager (Male) |
| 12:44 | Crear | Villager (Male) |
| 12:45 | Crear | Villager (Male) |
| 12:55 | Edad | Edad Feudal |
| 13:02 | Construir | Market |
| 13:11 | Investigar | Double-Bit Axe |
| 13:47 | Crear | Villager (Male) |
| 13:50 | Crear | Villager (Male) |
| 14:18 | Construir | Blacksmith |
| 14:57 | Crear | Villager (Male) |
| 16:05 | Investigar | Castle Age |
| 16:09 | Investigar | Horse Collar |
| 16:34 | Construir | Farm |
| 16:38 | Construir | Farm |
| 16:41 | Construir | Farm |
| 17:52 | Crear | Villager (Male) |
| 17:52 | Crear | Villager (Male) |
| 18:01 | Crear | Villager (Male) |
| 18:45 | Edad | Edad de los Castillos |
| 18:53 | Construir | Town Center |
| 19:13 | Construir | Town Center |
| 19:26 | Construir | Monastery |
| 19:35 | Investigar | Bow Saw |
| 19:43 | Construir | Lumber Camp |
| 19:49 | Crear | Villager (Male) |
| 19:50 | Crear | Villager (Male) |
| 19:57 | Construir | House |
| 19:59 | Construir | House |
| 20:11 | Crear | Villager (Male) |
| 20:12 | Crear | Villager (Male) |
| 20:12 | Crear | Villager (Male) |
| 20:21 | Construir | Farm |
| 20:22 | Construir | Farm |
| 20:25 | Crear | Villager (Male) |
| 20:39 | Construir | Mining Camp |
| 20:40 | Crear | Villager (Male) |
| 20:41 | Crear | Villager (Male) |
| 20:41 | Crear | Villager (Male) |
| 20:50 | Crear | Monk |
| 21:05 | Construir | Market |
| 21:14 | Crear | Villager (Male) |
| 21:22 | Construir | Farm |
| 21:26 | Construir | Farm |
| 21:31 | Construir | Farm |
| 21:34 | Construir | House |
| 21:43 | Crear | Villager (Male) |
| 21:43 | Crear | Villager (Male) |
| 22:02 | Construir | Siege Workshop |
| 22:21 | Construir | Farm |
| 22:31 | Construir | Farm |
| 22:33 | Crear | Villager (Male) |
| 22:34 | Crear | Villager (Male) |
| 22:55 | Investigar | Man-at-Arms (upgrade) |
| 23:08 | Construir | Archery Range |
| 23:16 | Crear | Villager (Male) |
| 23:17 | Crear | Villager (Male) |
| 23:32 | Construir | Farm |
| 23:38 | Construir | Farm |
| 23:50 | Construir | Farm |
| 23:53 | Construir | Farm |
| 23:58 | Construir | Farm |
| 23:58 | Crear | Villager (Male) |
| 23:59 | Crear | Villager (Male) |
| 23:59 | Crear | Villager (Male) |
| 24:04 | Crear | Villager (Male) |
| 24:04 | Crear | Villager (Male) |
| 24:11 | Construir | Farm |
| 24:13 | Construir | Farm |
| 24:17 | Crear | Villager (Male) |
| 24:17 | Crear | Villager (Male) |
| 24:21 | Construir | Farm |
| 24:31 | Construir | House |
| 24:32 | Construir | House |
| 24:33 | Construir | House |
| 24:56 | Construir | Farm |
| 25:02 | Construir | Farm |
| 25:06 | Construir | Farm |
| 25:07 | Construir | Farm |
| 25:16 | Crear | Mangonel |
| 25:35 | Investigar | Heavy Plow |
| 25:58 | Construir | House |
| 26:25 | Construir | Town Center |
| 26:43 | Investigar | Imperial Age |
| 26:53 | Construir | Barracks |
| 26:56 | Construir | Barracks |
| 27:10 | Investigar | Scale Mail Armor |
| 27:35 | Investigar | Long Swordsman (upgrade) |
| 27:38 | Crear | Villager (Male) |
| 27:39 | Crear | Villager (Male) |
| 27:46 | Crear | Villager (Male) |
| 27:46 | Crear | Villager (Male) |
| 27:47 | Crear | Villager (Male) |
| 28:16 | Construir | Castle |
| 28:34 | Investigar | Chain Mail Armor |
| 28:44 | Crear | Villager (Male) |
| 28:45 | Crear | Villager (Male) |
| 28:52 | Construir | Farm |
| 29:03 | Crear | Villager (Male) |
| 29:04 | Crear | Villager (Male) |
| 29:05 | Crear | Villager (Male) |
| 29:15 | Construir | Lumber Camp |
| 29:23 | Crear | Villager (Male) |
| 29:27 | Crear | Villager (Male) |
| 29:29 | Crear | Villager (Male) |
| 29:30 | Crear | Villager (Male) |
| 29:49 | Construir | Stable |
| 29:53 | Edad | Edad Imperial |
| 30:01 | Crear | Villager (Male) |
| 30:01 | Crear | Villager (Male) |
Build order — morilla
Primeras 150 de 438 acciones detectadas
| 0:01 | Crear | Villager (Male) |
| 0:02 | Crear | Villager (Male) |
| 0:02 | Crear | Villager (Male) |
| 0:02 | Crear | Villager (Male) |
| 0:49 | Construir | Palisade Wall |
| 2:10 | Crear | Villager (Male) |
| 3:02 | Crear | Villager (Male) |
| 3:03 | Crear | Villager (Male) |
| 3:21 | Crear | Villager (Male) |
| 3:58 | Crear | Villager (Male) |
| 4:09 | Construir | Lumber Camp |
| 4:17 | Crear | Villager (Male) |
| 5:39 | Crear | Villager (Male) |
| 5:39 | Crear | Villager (Male) |
| 6:26 | Crear | Villager (Male) |
| 6:26 | Crear | Villager (Male) |
| 6:40 | Construir | Mill |
| 6:50 | Crear | Villager (Male) |
| 7:43 | Crear | Villager (Male) |
| 7:43 | Crear | Villager (Male) |
| 7:44 | Crear | Villager (Male) |
| 7:44 | Crear | Villager (Male) |
| 8:37 | Crear | Villager (Male) |
| 9:45 | Crear | Villager (Male) |
| 9:45 | Crear | Villager (Male) |
| 9:45 | Crear | Villager (Male) |
| 9:51 | Crear | Villager (Male) |
| 11:12 | Construir | Mining Camp |
| 11:22 | Investigar | Feudal Age |
| 11:24 | Crear | Villager (Male) |
| 11:25 | Crear | Villager (Male) |
| 11:50 | Construir | Farm |
| 12:00 | Construir | Farm |
| 12:55 | Construir | Farm |
| 13:17 | Construir | Farm |
| 13:35 | Edad | Edad Feudal |
| 13:48 | Construir | Blacksmith |
| 13:59 | Construir | Market |
| 14:52 | Investigar | Castle Age |
| 15:18 | Investigar | Double-Bit Axe |
| 15:24 | Investigar | Horse Collar |
| 15:31 | Crear | Villager (Male) |
| 17:11 | Investigar | Wheelbarrow |
| 17:32 | Edad | Edad de los Castillos |
| 17:34 | Construir | Town Center |
| 17:47 | Construir | Farm |
| 17:52 | Construir | Farm |
| 18:05 | Construir | Farm |
| 18:28 | Construir | Town Center |
| 18:39 | Crear | Villager (Male) |
| 18:39 | Crear | Villager (Male) |
| 19:09 | Crear | Villager (Male) |
| 19:09 | Crear | Villager (Male) |
| 19:36 | Investigar | Bow Saw |
| 19:44 | Construir | Farm |
| 20:06 | Crear | Villager (Male) |
| 20:06 | Crear | Villager (Male) |
| 20:13 | Construir | Farm |
| 20:14 | Construir | Farm |
| 20:14 | Construir | Farm |
| 20:14 | Construir | Farm |
| 20:30 | Construir | Farm |
| 20:50 | Crear | Villager (Male) |
| 20:50 | Crear | Villager (Male) |
| 20:50 | Crear | Villager (Male) |
| 21:06 | Construir | Farm |
| 21:06 | Construir | Farm |
| 21:16 | Construir | Farm |
| 21:22 | Construir | Farm |
| 21:35 | Investigar | Scale Mail Armor |
| 21:46 | Crear | Villager (Male) |
| 21:46 | Crear | Villager (Male) |
| 21:46 | Crear | Villager (Male) |
| 21:46 | Crear | Villager (Male) |
| 21:48 | Investigar | Loom |
| 21:49 | Crear | Villager (Male) |
| 22:01 | Crear | Villager (Male) |
| 22:02 | Crear | Villager (Male) |
| 22:20 | Construir | Barracks |
| 22:50 | Crear | Villager (Male) ×5 |
| 22:58 | Construir | Farm |
| 22:59 | Construir | Farm |
| 23:11 | Construir | Farm |
| 23:15 | Crear | Villager (Male) ×4 |
| 23:31 | Crear | Trade Cart |
| 23:31 | Crear | Trade Cart |
| 23:33 | Crear | Trade Cart |
| 23:33 | Crear | Trade Cart |
| 23:37 | Construir | Farm |
| 23:46 | Construir | Barracks |
| 23:56 | Construir | Farm |
| 24:20 | Crear | Villager (Male) ×5 |
| 24:24 | Construir | Farm |
| 24:28 | Investigar | Caravan |
| 24:42 | Construir | Market |
| 25:05 | Construir | Monastery |
| 25:08 | Construir | Farm |
| 25:12 | Investigar | Hand Cart |
| 25:13 | Crear | Villager (Male) ×2 |
| 25:16 | Construir | Farm |
| 25:42 | Construir | Lumber Camp |
| 26:19 | Construir | University |
| 26:34 | Crear | Villager (Male) ×5 |
| 26:35 | Crear | Villager (Male) ×5 |
| 26:41 | Investigar | Gold Mining |
| 27:00 | Investigar | Squires |
| 27:02 | Investigar | Arson |
| 27:06 | Investigar | Pikeman (upgrade) |
| 27:10 | Construir | Farm |
| 27:20 | Construir | Barracks |
| 27:37 | Construir | Castle |
| 27:48 | Construir | Mining Camp |
| 27:52 | Crear | Villager (Male) ×5 |
| 28:11 | Construir | Town Center |
| 28:26 | Crear | Monk |
| 28:30 | Investigar | Masonry |
| 28:31 | Investigar | Murder Holes |
| 28:39 | Construir | Barracks |
| 29:03 | Crear | Villager (Male) ×5 |
| 29:03 | Crear | Villager (Male) ×5 |
| 29:08 | Investigar | Gold Shaft Mining |
| 29:28 | Crear | Trade Cart |
| 29:28 | Crear | Trade Cart |
| 29:29 | Crear | Trade Cart |
| 29:37 | Construir | Farm |
| 30:11 | Crear | Villager (Male) ×5 |
| 30:23 | Crear | Villager (Male) ×5 |
| 30:28 | Construir | Farm |
| 30:28 | Construir | Farm |
| 30:36 | Investigar | Stone Mining |
| 30:47 | Construir | Barracks |
| 30:53 | Construir | Barracks |
| 31:10 | Construir | Farm |
| 31:13 | Construir | Farm |
| 31:16 | Construir | Farm |
| 31:28 | Construir | Mining Camp |
| 31:34 | Crear | Villager (Male) ×5 |
| 31:38 | Construir | Farm |
| 31:51 | Investigar | Forging |
| 31:51 | Investigar | Scale Mail Armor |
| 32:16 | Construir | Stable |
| 32:18 | Construir | Stable |
| 32:20 | Construir | Stable |
| 32:22 | Construir | Stable |
| 32:36 | Construir | Barracks |
| 32:42 | Construir | Barracks |
| 32:44 | Construir | Barracks |
| 32:46 | Construir | Barracks |
| 32:49 | Investigar | Imperial Age |
| 32:50 | Crear | Villager (Male) ×5 |
Build order — IT-babka
Primeras 150 de 470 acciones detectadas
| 0:03 | Crear | Villager (Male) |
| 0:03 | Crear | Villager (Male) |
| 0:03 | Crear | Villager (Male) |
| 0:04 | Crear | Villager (Male) |
| 0:08 | Construir | House |
| 0:10 | Construir | House |
| 1:57 | Crear | Villager (Male) |
| 2:43 | Crear | Villager (Male) |
| 3:17 | Crear | Villager (Male) |
| 3:19 | Investigar | Loom |
| 3:50 | Crear | Villager (Male) |
| 4:03 | Crear | Villager (Male) |
| 4:27 | Crear | Villager (Male) |
| 5:03 | Construir | Dock |
| 5:05 | Crear | Villager (Male) |
| 5:22 | Crear | Villager (Male) |
| 5:27 | Construir | House |
| 5:42 | Construir | House |
| 5:57 | Crear | Villager (Male) |
| 6:04 | Construir | House |
| 6:11 | Crear | Villager (Male) |
| 6:37 | Crear | Villager (Male) |
| 6:41 | Construir | Lumber Camp |
| 7:07 | Crear | Villager (Male) |
| 7:28 | Crear | Villager (Male) |
| 7:56 | Crear | Fishing Ship |
| 8:00 | Crear | Villager (Male) |
| 8:35 | Crear | Villager (Male) |
| 9:32 | Crear | Fishing Ship |
| 9:33 | Crear | Fishing Ship |
| 9:35 | Crear | Villager (Male) |
| 9:47 | Crear | Villager (Male) |
| 10:20 | Construir | Lumber Camp |
| 10:21 | Crear | Villager (Male) |
| 10:31 | Construir | Mill |
| 10:47 | Crear | Villager (Male) |
| 10:55 | Construir | House |
| 11:14 | Crear | Fishing Ship |
| 11:19 | Construir | House |
| 11:20 | Construir | House |
| 11:27 | Crear | Villager (Male) |
| 11:37 | Construir | House |
| 12:15 | Crear | Villager (Male) |
| 12:22 | Crear | Villager (Male) |
| 12:28 | Construir | House |
| 12:30 | Construir | House |
| 12:49 | Investigar | Feudal Age |
| 13:01 | Construir | Mining Camp |
| 13:41 | Construir | House |
| 13:43 | Construir | House |
| 13:55 | Construir | House |
| 13:58 | Construir | House |
| 14:58 | Construir | Farm |
| 15:10 | Construir | Barracks |
| 15:15 | Edad | Edad Feudal |
| 15:17 | Crear | Villager (Male) |
| 15:18 | Investigar | Double-Bit Axe |
| 15:20 | Investigar | Horse Collar |
| 15:31 | Crear | Villager (Male) |
| 15:50 | Crear | Villager (Male) |
| 15:53 | Investigar | Tech 906 |
| 16:04 | Construir | Market |
| 16:06 | Crear | Villager (Male) |
| 16:58 | Crear | Villager (Male) |
| 17:05 | Construir | Fish Trap |
| 17:09 | Construir | Fish Trap |
| 17:13 | Construir | Fish Trap |
| 17:16 | Construir | Fish Trap |
| 17:20 | Construir | House |
| 17:21 | Construir | House |
| 17:22 | Construir | Blacksmith |
| 17:26 | Construir | House |
| 17:27 | Construir | House |
| 17:43 | Crear | Villager (Male) |
| 17:47 | Construir | Mining Camp |
| 18:11 | Crear | Villager (Male) |
| 18:20 | Crear | Fishing Ship |
| 18:36 | Investigar | Castle Age |
| 18:39 | Construir | Farm |
| 18:50 | Construir | Farm |
| 18:57 | Construir | Farm |
| 19:08 | Construir | Archery Range |
| 19:09 | Construir | Archery Range |
| 19:11 | Investigar | Fletching |
| 19:14 | Construir | Fish Trap |
| 19:26 | Construir | Dock |
| 19:54 | Investigar | Gold Mining |
| 19:58 | Investigar | Stone Mining |
| 20:41 | Crear | Villager (Male) |
| 21:10 | Crear | Fishing Ship |
| 21:10 | Crear | Fishing Ship |
| 21:14 | Crear | Demolition Raft |
| 21:16 | Edad | Edad de los Castillos |
| 21:20 | Investigar | Gillnets |
| 21:23 | Crear | Villager (Male) |
| 21:31 | Investigar | Bow Saw |
| 21:51 | Crear | Villager (Male) |
| 22:06 | Construir | Town Center |
| 22:52 | Construir | Fish Trap |
| 22:56 | Crear | Villager (Male) |
| 23:01 | Crear | Villager (Male) ×5 |
| 23:04 | Crear | Villager (Male) |
| 23:16 | Construir | Town Center |
| 23:24 | Crear | Villager (Male) |
| 23:38 | Construir | Monastery |
| 23:52 | Construir | Fish Trap |
| 23:58 | Construir | Stone Wall |
| 24:03 | Crear | Villager (Male) |
| 24:05 | Crear | Villager (Male) |
| 24:09 | Crear | Villager (Male) |
| 24:09 | Crear | Villager (Male) |
| 24:18 | Crear | Monk |
| 24:28 | Investigar | Fervor |
| 24:31 | Crear | Villager (Male) |
| 24:32 | Construir | Farm |
| 24:35 | Crear | Fishing Ship |
| 24:36 | Crear | Fishing Ship |
| 24:51 | Crear | Villager (Male) |
| 24:59 | Crear | Villager (Male) |
| 25:03 | Crear | Villager (Male) |
| 25:09 | Construir | Farm |
| 25:18 | Construir | Gate |
| 25:27 | Construir | Fish Trap |
| 25:30 | Crear | Fishing Ship |
| 25:38 | Construir | Farm |
| 25:40 | Crear | Villager (Male) |
| 25:41 | Crear | Villager (Male) |
| 25:45 | Crear | Villager (Male) ×2 |
| 26:00 | Construir | Fish Trap |
| 26:13 | Construir | Outpost |
| 26:16 | Construir | Farm |
| 26:17 | Crear | Villager (Male) |
| 26:22 | Crear | Villager (Male) |
| 26:22 | Crear | Villager (Male) |
| 26:26 | Crear | Villager (Male) |
| 26:27 | Crear | Villager (Male) |
| 26:30 | Crear | Villager (Male) |
| 26:33 | Construir | Farm |
| 26:40 | Construir | Fish Trap |
| 26:54 | Crear | Fishing Ship |
| 26:59 | Construir | Farm |
| 27:01 | Crear | Villager (Male) |
| 27:04 | Construir | Outpost |
| 27:11 | Construir | Farm |
| 27:13 | Crear | Villager (Male) |
| 27:17 | Construir | Farm |
| 27:40 | Construir | Archery Range |
| 27:41 | Construir | Siege Workshop |
| 27:45 | Construir | Fish Trap |
| 27:50 | Construir | Fish Trap |
Cronología de la partida
| 0:49 | morilla · wall_segment Palisade Wall x17 |
| 1:01 | m0fo · wall_segment Palisade Wall x13 |
| 1:10 | ahbiszett · wall_segment Palisade Wall x1 |
| 1:37 | m0fo · wall_segment Palisade Wall x11 |
| 1:41 | starekchess · wall_segment Palisade Wall x9 |
| 3:09 | ahbiszett · wall_segment Palisade Wall x1 |
| 4:08 | starekchess · wall_segment Palisade Wall x5 |
| 5:03 | IT-babka · first_building Dock |
| 10:22 | starekchess · first_building Barracks |
| 10:26 | XxjesulizxX · age_up feudal |
| 12:32 | m0fo · age_up feudal |
| 12:55 | starekchess · age_up feudal |
| 13:35 | morilla · age_up feudal |
| 13:59 | m0fo · first_building Dock |
| 15:04 | ahbiszett · age_up feudal |
| 15:10 | IT-babka · first_building Barracks |
| 15:15 | IT-babka · age_up feudal |
| 17:32 | morilla · age_up castle |
| 17:49 | m0fo · wall_segment Stone Wall x14 |
| 18:45 | starekchess · age_up castle |
| 18:50 | m0fo · age_up castle |
| 19:08 | IT-babka · first_building Archery Range |
| 19:26 | starekchess · first_building Monastery |
| 19:38 | XxjesulizxX · age_up castle |
| 19:39 | XxjesulizxX · first_market_buy 100 stone |
| 20:20 | XxjesulizxX · first_market_sell 100 food |
| 21:16 | IT-babka · age_up castle |
| 21:54 | ahbiszett · age_up castle |
| 22:02 | starekchess · first_building Siege Workshop |
| 22:20 | morilla · first_building Barracks |
| 23:08 | starekchess · first_building Archery Range |
| 23:13 | IT-babka · first_market_buy 100 wood |
| 23:38 | IT-babka · first_building Monastery |
| 23:58 | IT-babka · wall_segment Stone Wall x18 |
| 25:05 | morilla · first_building Monastery |
| 26:27 | ahbiszett · first_building Castle |
| 26:41 | starekchess · first_market_sell 100 wood |
| 27:27 | m0fo · first_building Castle |
| 27:33 | ahbiszett · wall_segment Stone Wall x12 |
| 27:37 | morilla · first_building Castle |
| 27:41 | IT-babka · first_building Siege Workshop |
| 28:11 | m0fo · first_building Barracks |
| 28:16 | starekchess · first_building Castle |
| 28:19 | XxjesulizxX · first_building Monastery |
| 29:49 | starekchess · first_building Stable |
| 29:50 | IT-babka · first_building Castle |
| 29:53 | starekchess · age_up imperial |
| 30:22 | ahbiszett · wall_segment Stone Wall x9 |
| 30:27 | ahbiszett · wall_segment Stone Wall x5 |
| 30:31 | ahbiszett · wall_segment Stone Wall x3 |
| 30:37 | XxjesulizxX · first_building Barracks |
| 31:10 | ahbiszett · first_building Barracks |
| 31:25 | ahbiszett · first_building Monastery |
| 31:28 | m0fo · first_building Stable |
| 32:16 | morilla · first_building Stable |
| 32:29 | ahbiszett · first_building Stable |
| 32:33 | ahbiszett · first_building Siege Workshop |
| 33:21 | ahbiszett · first_market_sell 100 wood |
| 33:51 | XxjesulizxX · first_building Castle |
| 34:24 | XxjesulizxX · first_building Stable |
| 34:32 | m0fo · age_up imperial |
| 35:59 | morilla · age_up imperial |
| 36:59 | ahbiszett · age_up imperial |
| 37:05 | XxjesulizxX · age_up imperial |
| 37:12 | m0fo · first_market_sell 100 food |
| 37:24 | IT-babka · age_up imperial |
| 38:24 | IT-babka · first_building Stable |
| 40:30 | ahbiszett · first_building Archery Range |
| 40:34 | m0fo · first_building Siege Workshop |
| 50:25 | morilla · wall_segment Stone Wall x13 |
| 54:06 | m0fo · wall_segment Stone Wall x13 |
| 57:19 | starekchess · tribute_sent a jugador 1 |
| 57:19 | starekchess · tribute_sent a jugador 2 |
| 57:19 | starekchess · tribute_sent a jugador 4 |
| 57:19 | starekchess · tribute_sent a jugador 5 |
| 57:19 | starekchess · tribute_sent a jugador 6 |
| 64:40 | morilla · first_market_sell 500 food |
| 64:51 | IT-babka · first_market_sell 500 wood |
| 65:39 | morilla · first_building Siege Workshop |
| 66:13 | ahbiszett · resign |
| 66:17 | m0fo · wall_segment Stone Wall x5 |
[ ANÁLISIS IA · 1 CRÉDITO ]
¿Qué pasó realmente en esta partida?
Wolo.gg analiza cada decisión: build order, eco, micro, errores típicos por bracket. Análisis personalizado por WhatsApp o Discord en 30 segundos.
Guía civ
Francos
Perfil
Jugador #14440266